 Dungeon Crawl Stone Soup version 0.18.1-6-gd335043 (webtiles) character file.

46 Scarto the Covered (level 3, 0/24 HPs)
             Began as a Gargoyle Fighter on May 19, 2016.
             Slain by a gnoll
             ... wielding a +0 halberd
              (11 damage)
             ... on level 3 of the Dungeon.
             The game lasted 00:03:10 (1720 turns).

Scarto the Covered (Gargoyle Fighter)               Turns: 1720, Time: 00:03:10

Health: 0/24       AC: 10    Str: 25    XL:     3   Next: 68%
Magic:  3/3        EV:  7    Int:  8    God:
Gold:   75         SH: 12    Dex:  9    Spells: 0 memorised, 2 levels left

rFire  . . .     SeeInvis .     a - +0 war axe
rCold  . . .     Gourm    .     b - +0 scale mail
rNeg   + . .     Faith    .     c - +0 shield
rPois  ∞         Spirit   .     (no helmet)
rElec  +         Dismiss  .     (no cloak)
rCorr  .         Reflect  +     (no gloves)
SustAt .         Harm     .     (no boots)
MR     .....                    v - +3 amulet of reflection
Stlth  ..........               (no ring)
                                (no ring)

@: mighty, not resistant to hostile enchantments, extremely unstealthy
A: negative energy resistance 1, electricity resistance, unbreathing,
petrification resistance, rot immunity, AC +3
a: no special abilities


You were on level 3 of the Dungeon.
You were not hungry.

You visited 1 branch of the dungeon, and saw 3 of its levels.

You collected 75 gold pieces.

Inventory:

Hand Weapons
 a - a +0 war axe (weapon)
Armour
 b - a +0 scale mail (worn)
 c - a +0 shield (worn)
Jewellery
 v - a +3 amulet of reflection (around neck)
Scrolls
 p - 3 scrolls of remove curse
 q - a scroll of immolation {unknown}
 r - a scroll of fog {unknown}
 u - a scroll of blinking {unknown}
Potions
 j - a potion of resistance {unknown}
 l - a potion of magic {unknown}
 m - a potion of haste {unknown}
 n - 3 potions of mutation {unknown}
 o - a potion of flight {unknown}
Comestibles
 f - 3 bread rations
 g - a royal jelly
 h - a meat ration
 s - a slice of pizza


   Skills:
 + Level 3.7 Fighting
 + Level 2.4 Axes
 + Level 3.7 Armour
 + Level 3.7 Shields


You had 2 spell levels left.
You didn't know any spells.

Dungeon Overview and Level Annotations

Branches:
Dungeon (3/15)

Altars:


Innate Abilities, Weirdness & Mutations

You are resistant to torment.
Your stone body is resilient (AC +3).
You are immune to poison.
You resist negative energy.
You are resistant to electric shocks.
You can survive without breathing.
You are immune to petrification.
You are immune to rotting.


Message History

The gnoll is severely wounded.
The gnoll hits you with a halberd!
Ouch! That really hurt!
* * * LOW HITPOINT WARNING * * *
The gnoll hits you but does no damage.
You are too injured to fight recklessly!
You are too injured to fight recklessly!
You are too injured to fight recklessly!
You are too injured to fight recklessly!
You are too injured to fight recklessly!
You are too injured to fight recklessly!
You are too injured to fight recklessly!
Drink which item? (? for menu, Esc to quit)
You feel much better. The gnoll hits you with a halberd!
Ouch! That really hurt!
You block the gnoll's attack.
Drink which item? (? for menu, Esc to quit)
You feel very mighty all of a sudden. The gnoll hits you with a halberd!
You die...

#.# ########.#
##....>.#.# #####
#.......#.######.... .
#.......#.#......... ...
#.........#.........
....#...................
...$.g............>.....
#.#gg@........#.####..
........................
.####.........#.#.#.....
#.............#.##..
#.#..............#..
#.#.##.#.....†##.#..
..#[##.......<.....#
#####################


You could see 3 gnolls.

Vanquished Creatures
  An ooze (D:1)
  A worm (D:2)
  A giant gecko (D:2)
  4 bats
  4 giant cockroaches
  4 goblins (D:1)
  9 hobgoblins
  4 kobolds
  2 giant newts (D:1)
  5 rats
35 creatures vanquished.

Notes
Turn   | Place    | Note
--------------------------------------------------------------
     0 | D:1      | Scarto the Gargoyle Fighter began the quest for the Orb.
     0 | D:1      | Reached XP level 1. HP: 14/14 MP: 1/1
   168 | D:1      | Reached XP level 2. HP: 19/19 MP: 2/2
   616 | D:1      | Reached XP level 3. HP: 23/23 MP: 3/3
  1720 | D:3      | Slain by a gnoll

Skill      XL: |  1 |
---------------+----+-----
Axes           | 2 |  2.4
Fighting       | |  3.7
Armour         | |  3.7
Shields        | |  3.7

Action                   || total
-------------------------++-------
Melee: War axe           ||   125
  Use: Scroll            ||     5
       Potion            ||     2
  Eat: Bread ration      ||     1
Armor: Scale mail        ||    71
Dodge: Dodged            ||    41
Block: Shield            ||    65
